 Dungeon Crawl Stone Soup version 0.28-a0-883-gc8d7bad45d (webtiles) character file.

Game seed: 2722153448092917227

154 flyleaff the Skirmisher (level 5, -9/43 (47) HPs)
             Began as a Draconian Fighter on Nov 22, 2021.
             Mangled by Crazy Yiuf (10 damage)
             ... on level 2 of the Dungeon.
             The game lasted 00:03:32 (2163 turns).

flyleaff the Skirmisher (Draconian Fighter)         Turns: 2163, Time: 00:03:34

HP:   -9/43 (47)    AC:  5    Str: 25    XL:     5   Next: 13%
MP:   0/5           EV: 12    Int:  9    God:
Gold: 108           SH:  4    Dex: 10    Spells: 1/4 levels left

rFire   . . .      SeeInvis .   a - +0 trident
rCold   . . .      Faith    .   b - +0 buckler
rNeg    . . .      Spirit   +   (armour unavailable)
rPois   .          Reflect  .   (helmet restricted)
rElec   .          Harm     .   (no cloak)
rCorr   .          Rampage  .   (no gloves)
Will    .....                   (no boots)
Stlth   +.........              j - amulet of guardian spirit
HPRegen 0.14/turn               i - +6 ring of strength
MPRegen 0.09/turn               (no ring)

@: slowed, drained, very slow
A: AC +5, unfitting armour, cold-blooded
a: no special abilities


You were on level 2 of the Dungeon.
You visited 1 branch of the dungeon, and saw 2 of its levels.

You collected 108 gold pieces.

Inventory:

Hand Weapons
 a - a +0 trident (weapon)
Armour
 b - a +0 buckler (worn)
Magical Staves
 f - a staff of earth
Jewellery
 i - a +6 ring of strength (left hand)
 j - an amulet of guardian spirit (around neck)
Scrolls
 e - 3 scrolls of identify {unknown}
 g - a scroll of holy word {unknown}
 h - a scroll of amnesia {unknown}
Potions
 c - a potion of might
 d - a potion of curing {unknown}
 k - a potion of attraction {unknown}


   Skills:
 * Level 4.6 Fighting
 + Level 3.1 Polearms
 + Level 3.3 Dodging
 + Level 3.7 Shields


You had one spell level left.
You knew the following spells:

 Your Spells              Type           Power      Damage    Failure   Level
a - Mephitic Cloud        Conj/Pois/Air  0%         N/A       77%         3

Your spell library contained the following spells:

 Spells                   Type           Power      Damage    Failure   Level
 Ignite Poison            Fire/Tmut/Pois 0%         N/A       77%         3
 Freezing Cloud           Conj/Ice/Air   0%         6-21      100%        5


Dungeon Overview and Level Annotations

Branches:
Dungeon (2/15)

Altars:

Annotations:
D:2 Crazy Yiuf


Innate Abilities, Weirdness & Mutations

Your plain brown scales are hard. (AC +5)
You cannot fit into any form of body armour.
You are cold-blooded and may be slowed by cold attacks.


Message History

The worm is almost dead.
You block the worm's attack.
You puncture the worm!
You kill the worm!
No target in view!
No target in view!
You see here a worm corpse.
There is a stone staircase leading up here.
Found a mace.
Found a runed translucent door.
Crazy Yiuf cries, "Peeping!"
You open the door. You barely miss Crazy Yiuf.
Your tail-slap misses Crazy Yiuf.
Crazy Yiuf hits you with a +4 quarterstaff of chaos.
You puncture Crazy Yiuf!
Crazy Yiuf is moderately wounded.
Crazy Yiuf hits you with a +4 quarterstaff of chaos.
Crazy Yiuf burns you.
You barely miss Crazy Yiuf.
Your tail-slap misses Crazy Yiuf.
Crazy Yiuf is moderately wounded.
Crazy Yiuf hits you with a +4 quarterstaff of chaos!
You feel drained.
You hit Crazy Yiuf.
Crazy Yiuf is heavily wounded.
Crazy Yiuf closely misses you.
You hit Crazy Yiuf.
Crazy Yiuf is severely wounded.
Crazy Yiuf closely misses you. You block Crazy Yiuf's attack.
You closely miss Crazy Yiuf. You tail-slap Crazy Yiuf.
Crazy Yiuf is almost dead.
Crazy Yiuf screams, "Earwax!"
Crazy Yiuf hits you with a +4 quarterstaff of chaos.
You feel yourself slow down. Crazy Yiuf freezes you.
You barely miss Crazy Yiuf.
Crazy Yiuf is almost dead.
Crazy Yiuf hits you with a +4 quarterstaff of chaos!
* * * LOW HITPOINT WARNING * * *
You feel drained.
* * * LOW HITPOINT WARNING * * *
Crazy Yiuf hits you with a +4 quarterstaff of chaos!
You die...

#.......####....###..##.#
#.####..# #....# ##.##.#
#.#.....# #....# #.....#
#.......# ##...# ##.####
#.......# ##.## #....#
#.#.##..# ##.# ####.#
#.#.....# #.## #.# ##
#.#.##..# ##.# #.#
.###....#..# #@## #.#
....<......# #g# #.#
.####...##.# ... ###.# ##
#.#.##.# #...# #...#
#.#....# #)..# #.###
#.#.##.# ##### #.#
#.#.##.# #.#
#......####### #.#
###.##.......# #####.#


You could see Crazy Yiuf.

Vanquished Creatures
  Natasha (thrice) (D:2)
  2 adders (D:2)
  3 worms (D:2)
  2 dart slugs (D:1)
  5 ball pythons (D:1)
  8 endoplasms
  3 giant cockroaches
  A hobgoblin (D:1)
  5 kobolds
  4 quokkas
  5 bats
  2 frilled lizards (D:1)
  7 rats
50 creatures vanquished.

Vanquished Creatures (others)
  4 toadstools (D:1)
4 creatures vanquished.

Grand Total: 54 creatures vanquished

Notes
Turn   | Place    | Note
-------+----------+-------------------------------------------
     0 | D:1      | flyleaff the Draconian Fighter began the quest for the Orb.
     0 | D:1      | Reached XP level 1. HP: 19/19 MP: 1/1
   137 | D:1      | Reached XP level 2. HP: 26/26 MP: 2/2
   712 | D:1      | Reached XP level 3. HP: 33/33 MP: 3/3
  1072 | D:2      | Reached skill level 4 in Fighting
  1352 | D:2      | Noticed Natasha
  1358 | D:2      | Killed Natasha
  1359 | D:2      | Reached XP level 4. HP: 19/40 MP: 1/4
  1538 | D:2      | Learned a level 3 spell: Mephitic Cloud
  1828 | D:2      | Noticed Natasha
  1835 | D:2      | Killed Natasha
  2069 | D:2      | Noticed Natasha
  2076 | D:2      | Killed Natasha
  2077 | D:2      | Reached XP level 5. HP: 47/47 MP: 5/5
  2152 | D:2      | Found a runed translucent door.
  2153 | D:2      | Noticed Crazy Yiuf
  2163 | D:2      | HP: 1/43 [Crazy Yiuf (6)]
  2163 | D:2      | Mangled by Crazy Yiuf

Illustrated notes

Levels and vault maps discovered:
D:1:      ldierk_walled_garden_2, layout_basic, amcnicky_mini_pool_small,
          grunt_decor_arrowhead, solitary_fountain, grunt_decor_fettered
D:2:      layout_loops_cross, minmay_splitting_lines, uniq_crazy_yiuf_cottage,
          uniq_natasha

Skill      XL: |  1  2  3  4 |
---------------+-------------+-----
Dodging        | 3 |  3.3
Fighting       | 4 |  4.6
Polearms       | 3 |  3.1
Shields        | |  3.7

Action                   |  1- 3 |  4- 6 || total
-------------------------+-------+-------++-------
Melee: Trident           |   106 |    48 ||   154
       Tailslap          |     6 |     6 ||    12
Armor: Skin              |    23 |     9 ||    32
Dodge: Dodged            |    41 |    13 ||    54
Block: Buckler           |     8 |     7 ||    15

Table legend: (Time is in decaauts)
 A = Elapsed time spent in this place.
 B = Non-inter-level travel time spent in this place.
 C = Inter-level travel time spent in this place.
 D = Time resting spent in this place.
 E = Time spent auto-exploring this place.
 F = Levels seen in this place.
 G = Mean time per level.
                   A        B        C        D        E       F      G
               +--------+--------+--------+--------+--------+-----+--------+
         Total |   2206 |   2176 |     30 |      0 |   1803 |   2 | 1103.0 |
       Dungeon |   2206 |   2176 |     30 |      0 |   1803 |   2 | 1103.0 |
               +--------+--------+--------+--------+--------+-----+--------+

Top non-repeatable levels by time:
     D:2: 1342 daAuts
     D:1: 864 daAuts
